Map: Void Training Stage 3

Players

Michael - Winner!

  • Race: Zerg Zerg
  • League: Gold
  • Spawn Location: 12:00

Player 2

  • Race: Zerg Zerg
  • Spawn Location: 6:00

VOD

Have the link to the VOD?

Description

Time

  • Played on: Sept. 28, 2018, 7:35 p.m.
  • Length: 17:23
Show
View Real Time Build Order
Export as new Build Order

Michael Zerg - Winner!

Build Orders: Hatch First 

Get SALT Encoding   

  12  0:01  Drone  
  13  0:13  Overlord  
  13  0:18  Drone  
  14  0:31  Drone x2  
  14  0:34  Drone  
  17  0:45  Drone  
  18  0:58  Hatchery  
  18  1:01  Drone  
  18  1:07  Drone  
  18  1:10  Extractor  
  18  1:20  Spawning Pool  
  18  1:23  Drone  
  18  1:28  Drone  
  19  1:39  Drone  
  20  1:49  Overlord  
  20  2:10  Queen  
  20  2:11  Queen  
  20  2:13  Metabolic Boost  
  24  2:17  Zergling x4  
  24  2:18  Zergling x2  
  27  2:26  Drone  
  28  2:31  Roach Warren  
  28  2:34  Overlord  
  27  2:47  Queen  
  28  2:56  Lair  
  28  3:00  Extractor  
  28  3:05  Evolution Chamber  
  26  3:06  Drone  
  26  3:09  Drone  
  26  3:20  Roach  
  26  3:21  Roach  
  26  3:26  Roach  
  32  3:36  Overlord  
  32  3:39  Overlord  
  32  3:43  Drone  
  32  3:46  Drone  
  34  3:49  Drone  
  34  3:55  Drone  
  36  4:01  Drone  
  36  4:02  Drone x2  
  39  4:09  Glial Reconstitution  
  39  4:18  Hydralisk Den  
  39  4:20  Drone  
  39  4:22  Drone  
  40  4:44  Drone x2  
  40  4:45  Drone x6  
  48  4:50  Overlord  
  48  4:57  Muscular Augments  
  48  5:00  Overlord  
  48  5:06  Roach  
  48  5:18  Roach x4  
  48  5:19  Roach  
  55  5:52  Queen  
  55  5:53  Queen  
  55  5:55  Zerg Ground Armor Level 1  
  59  6:00  Overlord  
  59  6:01  Overlord, Hatchery  
  58  6:06  Drone x4  
  58  6:09  Extractor, Grooved Spines  
  58  6:11  Extractor  
  60  6:13  Spore Crawler  
  60  6:14  Drone  
  60  6:43  Infestation Pit  
  60  6:46  Spore Crawler  
  58  6:50  Burrow, Queen  
  60  6:55  Drone x10  
  60  6:56  Drone x3  
  73  7:05  Roach  
  73  7:08  Roach  
  77  7:30  Tunneling Claws  
  77  7:33  Hydralisk  
  77  7:34  Hydralisk x2  
  77  7:36  Overlord x3  
  77  7:37  Overlord x2  
  83  7:46  Drone x2  
  83  7:47  Drone  
  86  8:02  Hydralisk x4  
  94  8:17  Hatchery  
  93  8:21  Roach x6  
  93  8:22  Roach  
  93  8:23  Hatchery  
  106  8:28  Overlord x2  
  106  8:29  Overlord  
  106  8:58  Roach x9  
  124  9:09  Extractor x2, Drone x6  
  128  9:14  Queen  
  132  9:28  Evolution Chamber  
  129  9:31  Hive  
  129  9:38  Hydralisk x6  
  129  9:40  Zerg Missile Weapons Level 1  
  141  10:04  Drone x2  
  141  10:05  Drone x10  
  153  10:14  Drone  
  154  10:15  Drone x3  
  154  10:17  Drone  
  154  10:18  Overlord  
  154  10:19  Overlord x4  
  158  10:30  Overlord x3  
  158  10:31  Overlord  
  158  10:34  Overseer  
  158  10:35  Overseer x3  
  158  10:39  Zerg Ground Armor Level 2  
  158  10:59  Spore Crawler  
  157  11:12  Adrenal Glands  
  157  11:20  Swarm Host  
  184  11:28  Zergling x2  
  184  11:29  Zergling x30  
  200  11:34  Zerg Melee Weapons Level 1  
  200  12:01  Extractor x2  
  189  12:42  Unknown  
  188  12:55  Zerg Missile Weapons Level 2  
  188  13:17  Unknown  
  193  15:53  Unknown  
  191  16:01  Unknown  
  185  16:44  Extractor x2  
Show
View Real Time Build Order
Export as new Build Order

Player 2 Zerg 

Build Orders: Pool First 

Get SALT Encoding   

  12  0:00  Drone  
  13  0:13  Overlord  
  13  0:18  Drone  
  14  0:31  Drone  
  14  0:34  Drone  
  16  0:44  Spawning Pool  
  16  0:46  Drone  
  16  0:50  Drone  
  16  0:52  Extractor  
  16  0:56  Drone  
  17  1:06  Overlord  
  17  1:31  Zergling x2, Queen  
  20  1:39  Drone, Zergling x2, Roach Warren  
  21  1:49  Drone  
  22  2:07  Overlord  
  22  2:19  Extractor  
  22  2:20  Drone  
  22  2:22  Roach  
  24  2:31  Baneling Nest  
  24  2:32  Drone  
  24  2:38  Drone, Roach  
  24  2:41  Drone  
  28  2:45  Roach  
  30  2:54  Overlord  
  30  2:59  Evolution Chamber  
  30  3:05  Drone  
  30  3:16  Drone  
  31  3:21  Drone, Roach  
  31  3:24  Drone  
  35  3:28  Drone  
  36  4:27  Overlord, Lair, Drone, Roach  
  36  4:28  Spore Crawler  
  36  4:30  Spore Crawler, Drone  
  38  4:33  Drone  
  38  4:35  Drone  
  40  4:49  Overlord  
  40  4:57  Spine Crawler  
  40  4:58  Drone  
  40  5:06  Spine Crawler  
  40  5:07  Drone  
  40  5:10  Zergling x2  
  37  5:22  Roach  
  37  5:25  Overseer x2, Queen  
  37  5:27  Infestation Pit  
  36  5:31  Hydralisk Den  
  36  5:33  Drone, Roach  
  36  5:45  Roach  
  38  5:51  Spire  
  38  5:53  Drone  
  38  5:56  Roach  
  40  6:00  Evolution Chamber  
  40  6:02  Drone  
  40  6:07  Hydralisk  
  42  6:18  Hydralisk  
  44  6:29  Hatchery  
  44  6:30  Hydralisk, Drone  
  46  7:42  Drone, Queen  
  49  7:45  Drone  
  49  7:48  Drone  
  49  7:50  Extractor  
  49  7:51  Drone  
  51  7:52  Spore Crawler  
  51  7:53  Spore Crawler  
  51  7:54  Drone  
  51  7:57  Drone  
  51  8:00  Drone  
  51  8:03  Drone  
  53  8:05  Drone  
  53  8:08  Drone  
  53  8:11  Drone  
  56  8:14  Drone  
  56  8:17  Drone  
  56  8:18  Spine Crawler  
  57  8:20  Drone  
  57  8:21  Spine Crawler  
  57  8:23  Drone  
  57  8:25  Drone  
  59  8:28  Drone, Pneumatized Carapace  
  59  8:29  Overlord, Overseer  
  59  8:30  Roach  
  62  8:36  Roach  
  64  8:43  Roach  
  64  8:48  Drone  
  67  8:49  Overlord, Roach  
  67  8:55  Hydralisk  
  60  9:00  Overseer  
  60  9:01  Infestor  
  56  9:08  Zergling x2  
  57  9:15  Overlord, Roach  
  59  9:20  Hydralisk  
  61  9:27  Drone  
  61  9:28  Roach  
  61  9:29  Drone  
  65  9:32  Drone  
  65  9:34  Roach  
  65  9:35  Drone  
  65  9:36  Overlord  
  69  9:40  Zerg Melee Weapons Level 1  
  69  9:41  Roach  
  71  9:46  Zerg Ground Armor Level 1  
  71  9:47  Roach  
  71  9:48  Overseer  
  73  9:53  Hydralisk  
  73  9:55  Overlord  
  73  9:59  Burrow  
  75  10:00  Hydralisk  
  77  10:34  Extractor  
  76  10:57  Drone  
  77  10:59  Drone  
  78  11:09  Overseer  
  78  11:10  Overlord  
  78  11:12  Hive  
  78  11:27  Hatchery  
  77  11:34  Zerg Missile Weapons Level 1  
  77  12:18  Corruptor  
  77  12:19  Overlord  
  77  12:22  Zerg Melee Weapons Level 2  
  79  12:25  Infestor  
  79  12:26  Viper  
  79  12:27  Viper, Ultralisk Cavern  
  86  12:32  Greater Spire  
  86  12:33  Zergling x2  
  66  12:40  Drone, Roach  
  66  12:43  Drone  
  62  12:45  Hydralisk  
  62  12:46  Drone  
  62  12:48  Drone  
  62  12:51  Extractor x2  
  65  12:53  Roach  
  65  12:54  Drone  
  65  12:57  Drone  
  68  12:59  Roach  
  68  13:01  Overlord  
  68  13:02  Spore Crawler  
  68  13:03  Drone  
  68  13:05  Hydralisk  
  70  13:11  Spore Crawler  
  70  13:12  Drone, Roach  
  74  13:19  Roach  
  77  13:20  Overlord, Drone, Queen  
  77  13:22  Drone, Overseer  
  77  13:25  Roach  
  82  13:31  Hydralisk  
  84  13:36  Spine Crawler  
  84  13:37  Spine Crawler  
  84  13:38  Hydralisk  
  84  13:39  Overlord, Drone x3  
  79  13:42  Drone  
  79  13:45  Infestor, Drone  
  79  13:47  Drone  
  74  13:50  Drone  
  74  13:52  Overseer, Zergling x2  
  74  13:53  Drone  
  77  13:56  Drone  
  77  13:58  Brood Lord, Roach, Overlord  
  77  13:59  Drone  
  77  14:02  Drone  
  84  14:04  Corruptor  
  84  14:05  Drone  
  84  14:07  Zerg Ground Armor Level 2  
  84  14:08  Drone  
  88  14:11  Drone  
  88  14:14  Drone  
  88  14:17  Drone  
  91  14:19  Overlord  
  91  14:22  Drone  
  91  14:25  Drone  
  91  14:28  Drone  
  91  14:30  Drone  
  81  14:34  Drone  
  81  14:37  Drone  
  79  14:39  Drone  
  79  14:42  Drone  
  79  14:43  Corruptor  
  79  14:44  Brood Lord  
  86  14:45  Drone  
  86  14:53  Drone  
  86  14:56  Drone  
  86  14:59  Drone  
  89  15:02  Drone  
  89  15:05  Drone  
  91  15:08  Drone  
  91  15:11  Drone  
  91  15:13  Drone  
  94  15:16  Drone  
  94  15:19  Drone  
  94  15:20  Drone  
  96  15:22  Drone  
  96  15:23  Roach  
  96  15:25  Drone  
  96  15:28  Drone  
  82  15:29  Zergling x2  
  82  15:31  Drone x2  
  74  15:36  Infestor  
  47  15:48  Hydralisk  
  46  15:55  Hydralisk  
  44  16:02  Corruptor  
  44  16:04  Infestation Pit  
  44  16:10  Zergling x2  
Tags
 
Add a new tag
Caveats
  • Supply blocks, unpowered buildings, or Contaminate may cause inaccurate times.
  • Supply counts are checked every 10 seconds.